 Dungeon Crawl Stone Soup version 0.30-a0-989-g0d87f670db (webtiles) character file.

Game seed: 3441479468986708228

65 dredge the Covered (level 4, -6/34 (35) HPs)
             Began as a Human Fighter on Apr 2, 2023.
             Mangled by Crazy Yiuf
             ... wielding a +3 quarterstaff of chaos
              (8 damage)
             ... on level 2 of the Dungeon.
             The game lasted 00:04:01 (877 turns).

dredge the Covered (Human Fighter)                   Turns: 877, Time: 00:04:01

HP:   -6/34 (35)    AC:  9    Str: 19    XL:     4   Next: 35%
MP:   4/4           EV:  7    Int:  8    God:
Gold: 124           SH:  4    Dex: 12    Spells: 3/3 levels left

rFire   . . .      SeeInvis .    a - +0 long sword
rCold   . . .      Faith    .    c - +0 buckler
rNeg    . . .      Spirit   .    h - +0 chain mail
rPois   .          Reflect  .    (no helmet)
rElec   .          Rampage  .    (no cloak)
rCorr   .                        (no gloves)
Will    +....                    (no boots) Stlth
                                 (no amulet)
HPRegen 0.25/turn                l - ring of willpower
MPRegen 0.09/turn                (no ring)

@: hasted, lightly drained, very quick
A: no striking features
a: no special abilities


You were on level 2 of the Dungeon.
You visited 1 branch of the dungeon, and saw 2 of its levels.

You collected 124 gold pieces.

Inventory:

Hand Weapons
 a - a +0 long sword (weapon)
Armour
 c - a +0 buckler (worn)
 h - a +0 chain mail (worn)
Jewellery
 b - a ring of see invisible
 l - a ring of willpower (left hand)
Scrolls
 e - 2 scrolls of immolation {unknown}
 f - a scroll of vulnerability {unknown}
 g - 2 scrolls of identify {unknown}
 i - 3 scrolls of fear {unknown}
 j - a scroll of enchant armour {unknown}
 k - a scroll of poison {unknown}
 m - a scroll of amnesia {unknown}
 n - a scroll of blinking {unknown}
 p - a scroll of noise {unknown}
Potions
 d - a potion of might


   Skills:
 + Level 3.3 Fighting
 + Level 2.4 Long Blades
 + Level 3.9 Armour
 + Level 3.5 Shields


You had 3 spell levels left.
You didn't know any spells.
Your spell library contained the following spells:

 Spells                   Type           Power      Damage    Failure   Level
 Kiss of Death            Conj/Necr      0%         2d5       100%        1
 Sting                    Tmut/Pois      0%         1d3       100%        1
 Poisonous Vapours        Pois/Air       0%         N/A       100%        2
 Confusing Touch          Hex            0%         N/A       100%        3
 Dispel Undead            Necr           0%         3d6       100%        4
 Olgreb's Toxic Radiance  Pois           0%         N/A       100%        4


Dungeon Overview and Level Annotations

Branches:
Dungeon (2/15)

Altars:

Annotations:
D:2 Crazy Yiuf


Message History

You feel drained.
You hit Crazy Yiuf but do no damage.
Crazy Yiuf is moderately wounded.
Crazy Yiuf hits you with a +3 quarterstaff of chaos!
Crazy Yiuf burns you.
* * * LOW HITPOINT WARNING * * *
You block Crazy Yiuf's attack.
You hit Crazy Yiuf.
Crazy Yiuf is heavily wounded.
Crazy Yiuf hits you with a +3 quarterstaff of chaos.
* * * LOW HITPOINT WARNING * * *
You barely miss Crazy Yiuf.
Crazy Yiuf is heavily wounded.
Crazy Yiuf hits you with a +3 quarterstaff of chaos.
* * * LOW HITPOINT WARNING * * *
Crazy Yiuf burns you.
* * * LOW HITPOINT WARNING * * *
You block Crazy Yiuf's attack.
It was a potion of heal wounds.
You feel much better.
Crazy Yiuf grits, "Lugonu poople stair!"
Crazy Yiuf hits you with a +3 quarterstaff of chaos.
You feel yourself speed up.
You barely miss Crazy Yiuf.
Crazy Yiuf is heavily wounded.
You barely miss Crazy Yiuf.
Crazy Yiuf is heavily wounded.
Crazy Yiuf barely misses you.
You hit Crazy Yiuf but do no damage.
Crazy Yiuf is heavily wounded.
Crazy Yiuf hits you with a +3 quarterstaff of chaos.
* * * LOW HITPOINT WARNING * * *
You feel as though your hastened speed will last longer.
You hit Crazy Yiuf.
Crazy Yiuf is severely wounded.
Crazy Yiuf hits you with a +3 quarterstaff of chaos!
* * * LOW HITPOINT WARNING * * *
You barely miss Crazy Yiuf.
Crazy Yiuf is severely wounded.
Crazy Yiuf hits you with a +3 quarterstaff of chaos!
You die...

...##.##...#
#....#######...)##.#
#..#...#...# #+..+#
####.#.###..
##..._...### #....#
#....#.###..
##.#...#.## #...##
#...........
...##.##..## ##.##
#....#.###..
#..........# #.##
##.#.#.# ##.
#.....###.## ##.#
#.#.#.# #.
##........# #.##
##.#.#.## #.
#........# ##@#
#.......# #.
##.....†.# #g#
##.#.#..# #.
#.....#.# ...
##.#.#..# #.
#...###.# #...#
#....#..#### #...#
#.# #..)# #.#......#
# #...# #.# #####
#....##..### #..>#
#.# ##.#........
#...# #.#########
#..####..### ....#
#.........#
##.####..#


You could see Crazy Yiuf.

Vanquished Creatures
  Jessica (D:2)
  2 adders (D:2)
  3 ball pythons (D:1)
  2 bats
  An endoplasm (D:1)
  2 giant cockroaches (D:2)
  3 goblins (D:1)
  A hobgoblin (D:2)
  A quokka (D:2)
  A frilled lizard (D:2)
  2 kobolds (D:1)
  4 rats
23 creatures vanquished.

Notes
Turn   | Place    | Note
-------+----------+-------------------------------------------
     0 | D:1      | dredge the Human Fighter began the quest for the Orb.
     0 | D:1      | Reached XP level 1. HP: 18/18 MP: 1/1
   152 | D:1      | Reached XP level 2. HP: 11/24 MP: 2/2
   462 | D:2      | Reached XP level 3. HP: 25/29 MP: 3/3
   564 | D:2      | Noticed Jessica
   572 | D:2      | Killed Jessica
   573 | D:2      | Reached XP level 4. HP: 25/35 MP: 4/4
   763 | D:2      | Found a faded altar of an unknown god.
   862 | D:2      | Found a runed translucent door.
   863 | D:2      | Noticed Crazy Yiuf
   871 | D:2      | HP: 1/34 [Crazy Yiuf/+3 quarterstaff of chaos (2)]
   876 | D:2      | HP: 1/34 [Crazy Yiuf/+3 quarterstaff of chaos (7)]
   877 | D:2      | Mangled by Crazy Yiuf

Illustrated notes

Levels and vault maps discovered:
D:1:      lordsloth_arrival_two_stooges, layout_basic, minmay_tetromino_i4
D:2:      layout_loops_ring, ebering_ecumenical_altar_box,
          uniq_crazy_yiuf_cottage, uniq_jessica

Action                     |  1- 3 |  4- 6 || total
---------------------------+-------+-------++-------
  Melee: Long sword        |    62 |    36 ||    98
    Use: Potion            |       |     1 ||     1
 Armour: Scale mail        |    16 |       ||    16
         Chain mail        |    30 |    14 ||    44
  Dodge: Dodged            |    36 |     5 ||    41
  Block: Buckler           |    21 |    10 ||    31

Table legend: (Time is in decaauts)
 A = Elapsed time spent in this place.
 B = Non-inter-level travel time spent in this place.
 C = Inter-level travel time spent in this place.
 D = Time resting spent in this place.
 E = Time spent auto-exploring this place.
 F = Levels seen in this place.
 G = Mean time per level.
                   A        B        C        D        E       F      G
               +--------+--------+--------+--------+--------+-----+--------+
         Total |    907 |    900 |      7 |      0 |    640 |   2 |  453.5 |
       Dungeon |    907 |    900 |      7 |      0 |    640 |   2 |  453.5 |
               +--------+--------+--------+--------+--------+-----+--------+

Top non-repeatable levels by time:
     D:2: 486 daAuts
     D:1: 421 daAuts
